 Dungeon Crawl Stone Soup version 0.27-a0-1196-g3e9cee4cb2 (webtiles) character file.

Game seed: 12342400969451632727

276 freelancePsychic the Chopper (level 6, -6/51 HPs)
             Began as a Palentonga Abyssal Knight on May 29, 2021.
             Was a Priest of Lugonu.
             Killed from afar by a steam dragon (18 damage)
             ... with a ball of steam
             ... on level 4 of the Dungeon.
             The game lasted 00:07:31 (4704 turns).

freelancePsychic the Chopper (PaAK)                 Turns: 4704, Time: 00:07:32

Health: -6/51      AC:  6    Str: 17    XL:     6   Next: 4%
Magic:  8/8        EV:  7    Int: 13    God:    Lugonu [***...]
Gold:   208        SH:  0    Dex:  9    Spells: 5/5 levels left

rFire    . . .     SeeInvis +   k - +0 war axe
rCold    . . .     Faith    +   (no shield)
rNeg     . . .     Spirit   .   f - +0 scale mail
rPois    .         Reflect  .   (no helmet)
rElec    .         Harm     .   (no cloak)
rCorr    .         Rampage  .   (no gloves)
Will     .....                  (no barding)
Stlth    ..........             e - amulet of faith
HPRegen  0.17/turn              (no ring)
MPRegen  0.11/turn              (no ring)

@: about to teleport
A: large, rugged brown scales 3, see invisible, deformed body, roll 1, armoured
tail
a: Rolling Charge, Renounce Religion, Depart the Abyss, Bend Space, Banish


You were on level 4 of the Dungeon.
You worshipped Lugonu.
Lugonu was most pleased with you.
You visited 1 branch of the dungeon, and saw 4 of its levels.
You visited the Abyss 1 time.

You collected 208 gold pieces.

Inventory:

Hand Weapons
 k - a +0 war axe (weapon)
Armour
 b - a +0 leather armour
 f - a +0 scale mail (worn)
Jewellery
 e - an amulet of faith (around neck)
 o - a +6 ring of intelligence
Wands
 m - a wand of charming (6)
Scrolls
 h - a scroll of immolation {unknown}
 n - a scroll of enchant armour
 r - a scroll of fear {unknown}
Potions
 a - a potion of cancellation {unknown}
 c - 2 potions of magic
 d - 2 potions of haste {unknown}
 g - a potion of mutation {unknown}
 i - a potion of brilliance {unknown}
 j - a potion of might {unknown}
 l - a potion of curing {unknown}
 p - a potion of degeneration {unknown}
 s - a potion of flight {unknown}
 u - a potion of lignification {unknown}


   Skills:
 + Level 4.2 Fighting
 * Level 4.7 Axes
 - Level 1.5 Armour
 - Level 0.7 Dodging
 + Level 3.8 Invocations


You had 5 spell levels left.
You didn't know any spells.
Your spell library contained the following spells:

 Spells                   Type           Power      Damage    Failure   Level
 Sandblast                Erth           0%         2d4       71%         1
 Passwall                 Tmut/Erth      0%         N/A       85%         2
 Stone Arrow              Conj/Erth      0%         3d7       97%         3
 Petrify                  Tmut/Erth      0%         N/A       100%        4
 Lee's Rapid Deconstruct  Erth           0%         3d5*      100%        5


Dungeon Overview and Level Annotations

Branches:
Dungeon (4/15)
 Temple: D:4-7

Altars:
Okawaru
Ru

Annotations:
D:2 1 runed translucent door, Crazy Yiuf
D:3 2 transporters, coolguy69's ghost, amateur HOFi


Innate Abilities, Weirdness & Mutations

You are completely covered in rugged brown scales. (AC +3, +7% HP)
You have supernaturally acute eyesight. (SInv)
Armour fits poorly on your strangely shaped body.
You can roll at nearby foes to attack.
You have a long armoured tail.


Message History

Lugonu accepts your kill.
No target in view!
Things that are here:
a +0 club; a goblin corpse You open the door.
There is an open door here.
You open the door.
There is an open door here.
There is an open door here.
There is a sacrificial altar of Ru here.
You open the door.
There is an open door here.
A steam dragon comes into view.
The steam dragon hisses angrily.
The steam dragon breathes steam at you. The ball of steam hits you!
The steam dragon moves out of view.
Roll where?
Press: ? - help, Dir - move target, f - steam dragon
Aim: a steam dragon (steam, catching its breath)
You roll forward with a clatter of scales!
You closely miss the steam dragon.
You tail-slap the steam dragon, but do no damage.
The steam dragon bites you.
The steam dragon claws you but does no damage.
You barely miss the steam dragon. The steam dragon bites you.
The steam dragon claws you but does no damage.
The steam dragon barely misses you.
The steam dragon claws you but does no damage.
You hit the steam dragon.
The steam dragon is lightly wounded.
The steam dragon barely misses you.
The steam dragon claws you but does no damage.
As you read the scroll of teleportation {@r4}, it crumbles to dust.
You feel strangely unstable. The steam dragon breathes steam at you.
The ball of steam hits you!
* * * LOW HITPOINT WARNING * * *
The steam dragon breathes steam at you. The ball of steam hits you!!
You die...

# ###)######## #.# #
#.# #.# # #.# #.# #
#.# #.# # #.# #.# #.#
*.# # #.# *.#
########.##########.#
................@§D.#
.####################
.# ##


You could see a steam dragon (catching breath).

Vanquished Creatures
  A jelly (D:4)
  A hound (D:4)
  A bullfrog skeleton (D:4)
  2 orc wizards
  A howler monkey skeleton (D:4)
  3 adders (D:4)
  2 worms
  2 dart slugs (D:1)
  6 orcs
  5 bats
  6 endoplasms
  A giant cockroach (D:2)
  9 goblins
  3 hobgoblins
  19 jackals
  4 quokkas
  7 ball pythons
  2 frilled lizards
  3 kobolds
  4 rats
82 creatures vanquished.

Vanquished Creatures (others)
  A frilled lizard (D:1)
1 creature vanquished.

Grand Total: 83 creatures vanquished

Notes
Turn   | Place    | Note
-------+----------+-------------------------------------------
     0 | Abyss:1  | freelancePsychic the Palentonga Abyssal Knight began the
                  | quest for the Orb.
     0 | Abyss:1  | Reached XP level 1. HP: 19/19 MP: 2/2
    32 | D:1      | Escaped the Abyss
   100 | D:1      | Noticed a hound
   100 | D:1      | Noticed a lindwurm
   101 | D:1      | Noticed a rime drake
   126 | D:1      | Reached XP level 2. HP: 21/25 MP: 3/3
   412 | D:1      | Reached ** piety under Lugonu
   630 | D:1      | Reached XP level 3. HP: 24/31 MP: 4/4
  1107 | D:1      | Found a faded altar of an unknown god.
  1937 | D:2      | Reached XP level 4. HP: 27/38 MP: 6/6
  2616 | D:2      | Found a runed translucent door.
  2617 | D:2      | Noticed Crazy Yiuf
  2904 | D:3      | Found a transporter.
  2907 | D:3      | Noticed coolguy69's ghost (amateur HOFi)
  2920 | D:3      | Found a transporter.
  3425 | D:3      | Found an iron altar of Okawaru.
  3472 | D:4      | Reached XP level 5. HP: 36/44 MP: 7/7
  3717 | D:4      | Reached *** piety under Lugonu
  3824 | D:4      | Found a sacrificial altar of Ru.
  4361 | D:4      | Reached XP level 6. HP: 51/51 MP: 8/8
  4696 | D:4      | Noticed a steam dragon
  4704 | D:4      | Killed from afar by a steam dragon

Illustrated notes

Levels and vault maps discovered:
D:1:      onia_arrival_zoo_common, layout_rooms, shapermc_ecumenical_altar_gd,
          serial_glass, glass_columns_c, glass_columns_b,
          chequers_serial_rivers_micro_e, ebering_dispersal_statue_hall,
          chequers_serial_rivers_marsh, lemuel_old_faithful
D:2:      layout_basic, uniq_crazy_yiuf_cottage
D:3:      layout_basic, lemuel_coloured_pillars_altar,
          gammafunk_ghost_stat_death, serial_bayou_ford_a
D:4:      layout_basic, nicolae_ru_great_annihilating_truth

Skill      XL: |  1  2  3  4  5 |
---------------+----------------+-----
Axes           | 3 4 |  4.7
Invocations    | 3 |  3.8
Fighting       | 4 |  4.2
Armour         | |  1.5
Dodging        | |  0.7

Action                   |  1- 3 |  4- 6 || total
-------------------------+-------+-------++-------
Melee: Hand axe          |   124 |    10 ||   134
       Tailslap          |    13 |     7 ||    20
       War axe           |       |   115 ||   115
 Abil: Rolling Charge    |    25 |    24 ||    49
  Use: Scroll            |     1 |     5 ||     6
       Potion            |       |     2 ||     2
 Stab: Invisible         |       |     1 ||     1
       Paralysed         |       |     1 ||     1
Armor: Leather armour    |    31 |       ||    31
       Scale mail        |     6 |    65 ||    71
Dodge: Dodged            |    53 |    49 ||   102

Table legend: (Time is in decaauts)
 A = Elapsed time spent in this place.
 B = Non-inter-level travel time spent in this place.
 C = Inter-level travel time spent in this place.
 D = Time resting spent in this place.
 E = Time spent auto-exploring this place.
 F = Levels seen in this place.
 G = Mean time per level.
                   A        B        C        D        E       F      G
               +--------+--------+--------+--------+--------+-----+--------+
         Total |   4771 |   4623 |    148 |    398 |   3620 |   5 |  954.2 |
       Dungeon |   4739 |   4591 |    148 |    398 |   3620 |   4 | 1184.8 |
         Abyss |     32 |     32 |      0 |      0 |      0 |   1 |   32.0 |
               +--------+--------+--------+--------+--------+-----+--------+

Top non-repeatable levels by time:
     D:1: 1535 daAuts
     D:2: 1337 daAuts
     D:4: 1269 daAuts
     D:3: 597 daAuts
 Abyss:1: 32 daAuts
